 Dungeon Crawl Stone Soup version 0.29-a0-359-g541a27f54d (webtiles) character file.

Game seed: 2620870441701585831

1195 purpskrrrp the Chopper (level 8, -1/87 HPs)
             Began as an Ogre Cinder Acolyte on Apr 27, 2022.
             Was a Believer of Ignis.
             Slain by a killer bee (3 damage)
             ... on level 6 of the Dungeon.
             The game lasted 00:53:58 (11825 turns).

purpskrrrp the Chopper (Ogre Cinder Acolyte)       Turns: 11825, Time: 00:53:58

Health: -1/87      AC: 12    Str: 26 (27) XL:     8   Next: 44%
Magic:  10/10      EV:  9    Int: 16 (17) God:    Ignis [**....]
Gold:   270        SH:  0    Dex:  1 (2)  Spells: 7/9 levels left

rFire   + . .      SeeInvis .   h - +1 battleaxe "Hell-Harrower" {drain, +Blink rC+ Int+2 Stlth+}
rCold   + . .      Faith    .   (shield currently unavailable)
rNeg    . . .      Spirit   .   b - +1 robe
rPois   +          Reflect  .   (helmet restricted)
rElec   .          Harm     .   (no cloak)
rCorr   .          Rampage  .   (gloves unavailable)
Will    .....                   (boots unavailable)
Stlth   ++........              (no amulet)
HPRegen 0.24/turn               z - +6 ring of strength
MPRegen 0.12/turn               c - ring of poison resistance

@: mighty, fiery-armoured
A: large, unfitting armour, tough skin 1, horns 1, clumsy 1, deterioration 1,
shaggy fur 1
a: Renounce Religion, Evoke Blink, Fiery Armour, Foxfire Swarm, Rising Flame


You were on level 6 of the Dungeon.
You worshipped Ignis.
Ignis was pleased with you.
You visited 2 branches of the dungeon, and saw 7 of its levels.

You collected 425 gold pieces.
You spent 155 gold pieces at shops.

Inventory:

Hand Weapons
 a - a +0 hand axe of flaming
 d - a +0 dagger
 g - a +0 dagger of speed
 h - the +1 battleaxe "Hell-Harrower" (weapon) {drain, +Blink rC+ Int+2 Stlth+}
   (You acquired it on level 2 of the Dungeon)

   A truly terrible weapon, it drains the life of any living foe it strikes.
   Int:       It affects your intelligence (+2).
   rC:        It protects you from cold.
   +Blink:    It lets you blink.
   Stlth:     It makes you more stealthy.
 l - a +0 hunting sling
 m - a +0 long sword
 o - a +1 whip of venom
 p - a +0 halberd
Missiles
 e - 3 poisoned darts (quivered)
 w - 6 javelins
Armour
 b - a +1 robe (worn)
 f - a +0 pair of gloves
 j - a +0 ring mail
 q - a +0 scale mail
 t - an orb of energy
 x - a +0 buckler
Jewellery
 c - a ring of poison resistance (right hand)
 n - a ring of see invisible
 z - a +6 ring of strength (left hand)
Wands
 s - a wand of iceblast (4)
Scrolls
 u - a scroll of fog
Potions
 i - a potion of haste
 k - a potion of flight
 A - a potion of cancellation


   Skills:
 + Level 7.2 Fighting
 + Level 7.3 Axes
 + Level 3.5 Dodging
 + Level 2.1 Stealth
 + Level 1.3 Spellcasting
 + Level 3.1 Fire Magic
 + Level 0.2 Evocations


You had 7 spell levels left.
You knew the following spells:

 Your Spells              Type           Power      Damage    Failure   Level
a - Scorch                Fire           22%        2d6       10%         2

Your spell library contained the following spells:

 Spells                   Type           Power      Damage    Failure   Level
 Magic Dart               Conj           4%         1d3       22%         1
 Corpse Rot               Necr/Air       2%         N/A       32%         2
 Poisonous Vapours        Pois/Air       2%         N/A       32%         2
 Searing Ray              Conj           2%         2d4       32%         2
 Confusing Touch          Hex            1%         N/A       54%         3
 Stone Arrow              Conj/Erth      2%         3d7       54%         3
 Animate Armour           Summ/Erth      2%         N/A       91%         4
 Fulminant Prism          Conj/Hex       0%         3d6       91%         4
 Yara's Violent Unravell  Hex/Tmut       0%         3d3       99%         5
 Enfeeble                 Hex            0%         N/A       100%        7
 Lehudib's Crystal Spear  Conj/Erth      0%         10d2      100%        8


Dungeon Overview and Level Annotations

Branches:
Dungeon (6/15)             Temple (1/1) D:4

Altars:
Ashenzari
Cheibriados
Dithmenos
Elyvilon
Fedhas
Gozag
Hepliaklqana
Kikubaaqudgha
Makhleb
Nemelex Xobeh
Okawaru
Qazlal
Ru
Sif Muna
Trog
Uskayaw
Wu Jian
Xom
Yredelemnul
Zin
The Shining One

Shops:
D:1 (   D:2 *


Innate Abilities, Weirdness & Mutations

You are too large for most types of armour.
You have tough skin. (AC +1)
You have a pair of small horns on your head.
You are clumsy. (Dex -2)
Your body sometimes deteriorates upon taking damage.
You are covered in fur. (AC +1)


Message History

Things that are here:
a necrophage corpse; a killer bee corpse A killer bee comes into view.
A killer bee comes into view.
The killer bee buzzes angrily.
You hear an angry buzzing noise.
You hear a shout! x2
An orc comes into view. It is wielding a +0 dagger.
You hear a shout!
The killer bee buzzes angrily.
The killer bee stings you.
* * * LOW HITPOINT WARNING * * *
The killer bee is burned by your cloak of flames.
The killer bee is moderately wounded.
You closely miss the killer bee. Your headbutt misses the killer bee.
The killer bee is moderately wounded.
The killer bee barely misses you. The killer bee stings you.
* * * LOW HITPOINT WARNING * * *
The killer bee is burned by your cloak of flames.
The killer bee is heavily wounded.
The killer bee stings you but does no damage.
The killer bee is burned by your cloak of flames.
The killer bee is severely wounded.
Aiming: Iceblast
Press: ? - help, Q - select action, (/) - cycle Shift-Dir - straight line
Okay, then.
The killer bee barely misses you. The killer bee barely misses you.
The killer bee attacks as you move away!
The killer bee stings you.
* * * LOW HITPOINT WARNING * * *
The killer bee is burned by your cloak of flames.
You kill the killer bee!
You feel very mighty all of a sudden.
The killer bee stings you but does no damage.
The killer bee is burned by your cloak of flames.
The killer bee is lightly wounded.
The killer bee stings you but does no damage.
The killer bee is burned by your cloak of flames.
The killer bee is moderately wounded.
The killer bee stings you.
You die...

########...#
#........#.#
#.######...###
#.# #.....# #.#
#..##.# #.#
####...#.#### #.#
#...........#
#†###.##.....##.#
#.@yy..o.....# #
#.###.##.....#
...# #.##.....#
###.# #.#...o...
#.# #.#..J...#
#.# #.#....>=#
#.# #.# # .. ..#


You could see 2 killer bees and an orc.

Vanquished Creatures
  A water moccasin (D:5)
  An ice beast (D:5)
  The ghost of Andy the Skirmisher, an amateur HuFi of Uskayaw (D:3)
  An ogre (D:5)
  A bullfrog (D:6)
  2 necrophages
  A scorpion (D:6)
  3 killer bees (D:6)
  2 orc priests
  3 hounds
  An orc wizard (D:6)
  8 gnolls
  8 adders
  A white imp (D:6)
  4 worms
  3 dart slugs
  14 orcs
  5 endoplasms
  6 giant cockroaches
  8 goblins
  11 hobgoblins
  2 jackals (D:2)
  2 quokkas
  7 ball pythons
  4 bats (D:1)
  4 frilled lizards
  7 kobolds
  3 rats
114 creatures vanquished.

Vanquished Creatures (collateral kills)
  An adder (D:2)
  A kobold (D:2)
2 creatures vanquished.

Vanquished Creatures (others)
  11 foxfires
  5 plants (D:1)
16 creatures vanquished.

Grand Total: 132 creatures vanquished

Notes
Turn   | Place    | Note
-------+----------+-------------------------------------------
     0 | D:1      | purpskrrrp the Ogre Cinder Acolyte began the quest for the
                  | Orb.
     0 | D:1      | Reached XP level 1. HP: 24/24 MP: 2/2
   256 | D:1      | Reached XP level 2. HP: 32/32 MP: 3/3
   380 | D:1      | Found Femeof's Antique Weapon Emporium.
   738 | D:1      | Reached XP level 3. HP: 22/40 MP: 4/4
  1529 | D:1      | Found a faded altar of an unknown god.
  1559 | D:2      | Found Oghercho's Assorted Antiques.
  1562 | D:2      | You fall into a shaft and drop 2 floors!
  1766 | D:3      | Reached XP level 4. HP: 49/49 MP: 5/5
  1780 | D:3      | Reached skill level 1 in Dodging
  2857 | D:3      | Reached skill level 5 in Fighting
  2899 | D:2      | Bought an encrusted golden ring for 155 gold pieces
  2933 | D:2      | Learned a level 2 spell: Scorch
  2984 | D:2      | Reached XP level 5. HP: 40/57 MP: 3/6
  3503 | D:2      | Identified a scroll of acquirement
  3503 | D:2      | Acquired the +1 battleaxe "Hell-Harrower" {drain, +Blink
                  | rC+ Int+2 Stlth+}
  3508 | D:2      | Gained mutation: Your mind is acute. (Int +2) [potion of
                  | mutation]
  3555 | D:3      | Found a runed translucent door.
  3633 | D:3      | Noticed Andy's ghost (amateur HuFi)
  4493 | D:3      | Killed Andy's ghost
  4494 | D:3      | Reached XP level 6. HP: 7/66 MP: 5/8
  4842 | D:4      | Reached skill level 5 in Axes
  5101 | D:4      | Found a staircase to the Ecumenical Temple.
  5728 | Temple   | Entered the Ecumenical Temple
  6021 | D:5      | Entered Level 5 of the Dungeon
  6045 | D:5      | Reached XP level 7. HP: 75/75 MP: 9/9
  6280 | D:5      | Lost mutation: Your mind is acute. (Int +2) [potion of
                  | mutation]
  6280 | D:5      | Gained mutation: You have hidden genetic defects. [potion
                  | of mutation]
  6280 | D:5      | Gained mutation: You are resistant to electric shocks.
                  | (rElec) [potion of mutation]
  6280 | D:5      | Gained mutation: Your body sometimes deteriorates upon
                  | taking damage. [potion of mutation]
  6280 | D:5      | Gained mutation: You have a pair of small horns on your
                  | head. [potion of mutation]
  6281 | D:5      | Lost mutation: You are resistant to electric shocks.
                  | (rElec) [potion of mutation]
  6281 | D:5      | Lost mutation: You have hidden genetic defects. [potion of
                  | mutation]
  6281 | D:5      | Gained mutation: You are covered in fur. (AC +1) [potion of
                  | mutation]
  6281 | D:5      | Lost dexterity.
  6281 | D:5      | Gained mutation: You are clumsy. (Dex -2) [potion of
                  | mutation]
  7287 | D:5      | HP: 1/75 [ogre/+0 giant spiked club (27)]
  7290 | D:5      | Reached skill level 1 in Stealth
 11224 | D:5      | Reached XP level 8. HP: 78/84 MP: 10/10
 11823 | D:6      | HP: 1/87 [killer bee (6)]
 11825 | D:6      | Slain by a killer bee

Illustrated notes

Levels and vault maps discovered:
D:1:      heliophobic_arrival_ceremonial_halls, layout_basic, serial_shops,
          nicolae_shop_overgrown_old_shop, basic_ecumenical_altar,
          minmay_domino_4
D:2:      layout_basic, serial_shops, shop
D:3:      wad_crossroads, layout_basic, ebering_ghost_sewer_d
D:4:      layout_gridville, minmay_temple_entry_glassed_door,
          hangedman_decor_push
D:5:      layout_basic
D:6:      layout_loops_ring, chequers_serial_rivers_micro_e,
          chequers_serial_rivers_large_a, minmay_checkerbox
Temple:   kilobyte_greek_temple

Skill      XL: |  1  2  3  4  5  6  7  8 |
---------------+-------------------------+-----
Fire Magic     | 3 |  3.1
Dodging        | 1 2 3 |  3.5
Axes           | 4 5 6 7 |  7.3
Fighting       | 5 6 7 |  7.2
Stealth        | 1 2 |  2.1
Spellcasting   | |  1.3
Evocations     | |  0.2

Action                   |  1- 3 |  4- 6 |  7- 9 || total
-------------------------+-------+-------+-------++-------
Melee: Hand axe          |   149 |   128 |       ||   277
       Punch             |     3 |     2 |       ||     5
       Battleaxe         |       |    75 |    50 ||   125
       Headbutt          |       |       |     2 ||     2
 Cast: Scorch            |       |     2 |       ||     2
Invok: Fiery Armour      |       |     3 |     3 ||     6
       Foxfire Swarm     |       |     2 |       ||     2
 Abil: Evoke Blink       |       |     1 |       ||     1
Evoke: Wand              |       |       |     1 ||     1
  Use: Potion            |     1 |     6 |     5 ||    12
       Scroll            |     1 |    10 |     3 ||    14
 Stab: Sleeping          |       |     1 |       ||     1
Armor: Skin              |     5 |       |       ||     5
       Robe              |    52 |    56 |    40 ||   148
Dodge: Dodged            |    82 |    94 |    29 ||   205

Table legend: (Time is in decaauts)
 A = Elapsed time spent in this place.
 B = Non-inter-level travel time spent in this place.
 C = Inter-level travel time spent in this place.
 D = Time resting spent in this place.
 E = Time spent auto-exploring this place.
 F = Levels seen in this place.
 G = Mean time per level.
                   A        B        C        D        E       F      G
               +--------+--------+--------+--------+--------+-----+--------+
         Total |  14608 |  14059 |    549 |   9199 |   3061 |   7 | 2086.9 |
       Dungeon |  14351 |  13904 |    447 |   9199 |   2915 |   6 | 2391.8 |
        Temple |    256 |    154 |    102 |      0 |    146 |   1 |  256.0 |
               +--------+--------+--------+--------+--------+-----+--------+

Top non-repeatable levels by time:
     D:5: 8375 daAuts
     D:3: 2642 daAuts
     D:1: 1572 daAuts
     D:4: 967 daAuts
     D:2: 632 daAuts
  Temple: 256 daAuts
     D:6: 161 daAuts
